 Dungeon Crawl Stone Soup version 0.30-a0-394-g3e4acdb0ae (webtiles) character file.

Game seed: 10868654772610560787

655 LnG the Sneak (level 7, -1/38 HPs)
             Began as a Kobold Summoner on Dec 6, 2022.
             Slain by an iguana (4 damage)
             ... on level 6 of the Dungeon.
             The game lasted 00:16:09 (3969 turns).

LnG the Sneak (Kobold Summoner)                     Turns: 3969, Time: 00:16:10

Health: -1/38      AC:  4    Str: 10    XL:     7   Next: 85%
Magic:  12/12      EV: 17    Int: 18    God:
Gold:   225        SH:  0    Dex: 19    Spells: 6/12 levels left

rFire   . . .      SeeInvis .    u - +1 dagger (elec)
rCold   . . .      Faith    .    (no shield)
rNeg    + . .      Spirit   .    a - +0 robe
rPois   .          Reflect  .    (no helmet)
rElec   .          Harm     .    r - +0 cloak
rCorr   .          Rampage  .    (no gloves)
Will    .....                    C - +0 pair of boots
Stlth   +++++.....               A - amulet of magic regeneration
HPRegen 0.26/turn                q - ring "Qejor" {Wiz Str+4 Dex+4}
MPRegen 0.53/turn                B - ring of positive energy

@: no status effects
A: small, no large weapons, nightstalker 3
a: no special abilities


You were on level 6 of the Dungeon.
You visited 1 branch of the dungeon, and saw 5 of its levels.

You collected 225 gold pieces.

Inventory:

Hand Weapons
 e - a +0 dagger
 m - a +0 dagger of venom
 u - a +1 dagger of electrocution (weapon)
Armour
 a - a +0 robe (worn)
 r - a +0 cloak (worn)
 C - a +0 pair of boots (worn)
Jewellery
 q - the ring "Qejor" (left hand) {Wiz Str+4 Dex+4}
   (You found it on level 2 of the Dungeon)

   [ring of wizardry]

   It improves your spell success rate.
   Str:       It affects your strength (+4).
   Dex:       It affects your dexterity (+4).
 A - an amulet of magic regeneration (around neck)
 B - a ring of positive energy (right hand)
Wands
 x - a wand of roots (11)
Scrolls
 c - a scroll of amnesia
 d - a scroll of vulnerability
 h - a scroll of noise {unknown}
 i - a scroll of immolation {unknown}
 j - a scroll of identify
 k - a scroll of butterflies {unknown}
 p - a scroll of enchant weapon {unknown}
 y - 2 scrolls of magic mapping {unknown}
Potions
 b - a potion of magic
 f - 2 potions of degeneration {unknown}
 g - 2 potions of brilliance {unknown}
 l - a potion of ambrosia {unknown}
 n - 3 potions of haste {unknown}
 o - a potion of might {unknown}
 s - a potion of berserk rage {unknown}
 t - a potion of cancellation {unknown}
 v - a potion of attraction {unknown}
 w - a potion of mutation {unknown}
 z - 4 potions of curing {unknown}


   Skills:
 + Level 1.5 Fighting
 + Level 3.3 Short Blades
 * Level 4.4 Dodging
 * Level 7.7 Stealth
 + Level 3.3 Spellcasting
 + Level 5.0 Summonings


You had 6 spell levels left.
You knew the following spells:

 Your Spells              Type           Power      Damage    Failure   Level
a - Summon Small Mammal   Summ           84%        N/A       1%          1
b - Call Imp              Summ           21%        N/A       1%          2
c - Call Canine Familiar  Summ           21%        N/A       2%          3

Your spell library contained the following spells:

 Spells                   Type           Power      Damage    Failure   Level
 Summon Guardian Golem    Hex/Summ       12%        N/A       7%          3
 Ozocubu's Armour         Ice            3%         N/A       19%         3
 Portal Projectile        Hex/Tloc       6%         N/A       19%         3
 Tukima's Dance           Hex            3%         N/A       19%         3
 Summon Lightning Spire   Summ/Air       12%        N/A       22%         4
 Blade Hands              Tmut           1%         N/A       83%         5
 Metabolic Englaciation   Hex/Ice        1%         N/A       83%         5
 Simulacrum               Ice/Necr       1%         N/A       100%        6


Dungeon Overview and Level Annotations

Branches:
Dungeon (6/15)
 Temple: D:4-7

Altars:
Okawaru
Trog
Zin


Innate Abilities, Weirdness & Mutations

You are small and have problems with some larger weapons.
You are completely attuned to the shadows.


Message History

The phantom hits you.
The phantom blinks!
You blink.
You hit the phantom.
The phantom is lightly damaged.
You barely miss the phantom.
The phantom is lightly damaged.
The phantom barely misses you.
You hit the phantom but do no damage. Your punch misses the phantom.
The phantom is lightly damaged.
The phantom misses you.
You barely miss the phantom.
The phantom is lightly damaged.
The phantom misses you. The iguana closely misses you.
The ice beast attacks as you move away! The ice beast barely misses you.
The phantom completely misses you. The ice beast attacks as you move away!
The ice beast hits you but does no damage.
The iguana attacks as you move away! The iguana barely misses you.
The phantom hits you.
The phantom blinks!
You blink.
The phantom closely misses you. The phantom attacks as you move away!
The phantom hits you. The phantom hits you.
The phantom blinks!
You blink.
The iguana closely misses you.
You hit the ice beast.
The ice beast is lightly wounded.
The iguana misses you.
The ice beast hits you but does no damage.
The phantom closely misses you.
As you read the scroll labelled WIMOUD SUUFROI, it crumbles to dust.
It is a scroll of amnesia.
Okay, then.
The phantom hits you! The iguana closely misses you. The ice beast hits you.
The ice beast freezes you!
* * * LOW HITPOINT WARNING * * *
As you read the scroll labelled PIPPIN RAOXTO, it crumbles to dust.
It is a scroll of identify.
d - a scroll of vulnerability The phantom hits you.
* * * LOW HITPOINT WARNING * * *
The ice beast barely misses you. The iguana bites you.
You die...

......# ### ......# ##
##_##........# .#
#...##.......# .#
####'####......# .#
####.#...#.##.....# .#
#....'.⌠.'._##....#
.###.##.#...#.##.....###
......####'####.@Y......
#.....###...##..lW...###.
#.....#.##_##..####.#...
.........###.......>#.##
..........#....####...#
..........######....###
..........# #....####
..........# #........
..........## #......##


You could see an ice beast, a phantom and an iguana.

Vanquished Creatures
  Sigmund (D:3)
  A sky beast (D:6)
  An ogre (D:6)
  A hound (D:4)
  Natasha (twice) (D:3)
  2 orc wizards
  A gnoll (D:1)
  2 adders
  An ufetubus (D:4)
  2 worms
  An orc (D:3)
  8 ball pythons
  4 endoplasms
  2 giant cockroaches
  4 goblins
  6 hobgoblins
  4 jackals (D:3)
  6 quokkas
  8 bats
  4 frilled lizards
  4 kobolds
  9 rats
74 creatures vanquished.

Vanquished Creatures (collateral kills)
  Natasha (D:3)
  Terence (D:3)
  A gnoll (D:1)
  A dart slug (D:1)
  2 orcs (D:3)
  A bat (D:1)
  An endoplasm (D:1)
  A giant cockroach (D:1)
  3 goblins (D:1)
  3 hobgoblins (D:1)
  2 quokkas (D:1)
  A kobold (D:2)
  2 rats (D:1)
20 creatures vanquished.

Grand Total: 94 creatures vanquished

Notes
Turn   | Place    | Note
-------+----------+-------------------------------------------
     0 | D:1      | LnG the Kobold Summoner began the quest for the Orb.
     0 | D:1      | Reached XP level 1. HP: 10/10 MP: 3/3
   187 | D:1      | Reached XP level 2. HP: 15/15 MP: 1/5
   190 | D:1      | Learned a level 2 spell: Call Imp
   401 | D:1      | Reached skill level 3 in Stealth
   571 | D:1      | Reached XP level 3. HP: 12/19 MP: 6/6
   580 | D:1      | Learned a level 3 spell: Call Canine Familiar
  1146 | D:1      | Reached XP level 4. HP: 18/24 MP: 1/7
  1313 | D:1      | Reached skill level 4 in Stealth
  1882 | D:2      | Identified the ring "Qejor" {Wiz Str+4 Dex+4}
  2306 | D:3      | Reached skill level 1 in Short Blades
  2369 | D:3      | Noticed Terence
  2379 | D:3      | Killed Terence
  2380 | D:3      | Reached XP level 5. HP: 21/28 MP: 4/8
  2628 | D:3      | Reached skill level 5 in Stealth
  2730 | D:3      | Noticed Sigmund
  2754 | D:3      | Killed Sigmund
  2755 | D:3      | Reached skill level 1 in Fighting
  2755 | D:3      | Reached skill level 6 in Stealth
  2755 | D:3      | Reached XP level 6. HP: 27/34 MP: 2/10
  2928 | D:3      | Noticed Natasha
  2932 | D:3      | Killed Natasha
  2991 | D:3      | Noticed Natasha
  2998 | D:3      | Killed Natasha
  3033 | D:3      | Noticed Natasha
  3039 | D:3      | Killed Natasha
  3040 | D:3      | Reached XP level 7. HP: 26/38 MP: 7/11
  3409 | D:4      | Reached skill level 7 in Stealth
  3547 | D:4      | You fall into a shaft and drop 2 floors!
  3740 | D:6      | Reached skill level 5 in Summonings
  3788 | D:6      | Found an iron altar of Okawaru.
  3791 | D:6      | Found a glowing silver altar of Zin.
  3795 | D:6      | Found a bloodstained altar of Trog.
  3969 | D:6      | Slain by an iguana

Illustrated notes

Levels and vault maps discovered:
D:1:      shiori_arrival_oz, layout_loops_corners
D:2:      layout_basic
D:3:      layout_loops_cross, chequers_serial_rivers_large_a, uniq_terence,
          uniq_sigmund, uniq_natasha
D:4:      layout_basic, minmay_temple_entry_glass, uniq_edmund
D:6:      layout_basic, grunt_temple_overflow_diamond,
          lemuel_zombie_altar_kikubaaqudgha

Skill      XL: |  1  2  3  4  5  6  7 |
---------------+----------------------+-----
Stealth        | 3 4 6 7 |  7.7
Dodging        | 3 4 |  4.4
Short Blades   | 1 2 3 |  3.3
Fighting       | 1 |  1.5
Spellcasting   | 3 |  3.3
Summonings     | 5 |  5.0

Action                   |  1- 3 |  4- 6 |  7- 9 || total
-------------------------+-------+-------+-------++-------
Melee: Unarmed           |     3 |       |       ||     3
       Dagger            |    52 |   128 |    44 ||   224
       Punch             |       |     1 |       ||     1
 Cast: Summon Small Mamm |    11 |       |     1 ||    12
       Call Canine Famil |     5 |     7 |     4 ||    16
       Call Imp          |       |     1 |     1 ||     2
  Use: Scroll            |       |       |     2 ||     2
 Stab: Sleeping          |     9 |    16 |     7 ||    32
Armor: Robe              |     6 |    22 |     9 ||    37
Dodge: Dodged            |    46 |    95 |    40 ||   181

Table legend: (Time is in decaauts)
 A = Elapsed time spent in this place.
 B = Non-inter-level travel time spent in this place.
 C = Inter-level travel time spent in this place.
 D = Time resting spent in this place.
 E = Time spent auto-exploring this place.
 F = Levels seen in this place.
 G = Mean time per level.
                   A        B        C        D        E       F      G
               +--------+--------+--------+--------+--------+-----+--------+
         Total |   3967 |   3747 |    220 |     97 |   2929 |   5 |  793.4 |
       Dungeon |   3967 |   3747 |    220 |     97 |   2929 |   5 |  793.4 |
               +--------+--------+--------+--------+--------+-----+--------+

Top non-repeatable levels by time:
     D:1: 1641 daAuts
     D:3: 1059 daAuts
     D:2: 641 daAuts
     D:6: 420 daAuts
     D:4: 205 daAuts
